 Dungeon Crawl Stone Soup version 0.18.1-50-g88ac8fd (webtiles) character file.

252 magog001 the Bolt Thrower (level 6, 0/47 HPs)
             Began as a Formicid Hunter on Feb 26, 2017.
             Succumbed to an adder's poison
             ... on level 3 of the Dungeon.
             The game lasted 00:18:18 (2460 turns).

magog001 the Bolt Thrower (Formicid Hunter)         Turns: 2460, Time: 00:18:19

Health: 0/47       AC:  4    Str: 21    XL:     6   Next: 36%
Magic:  3/6        EV: 12    Int:  6    God:
Gold:   146        SH:  0    Dex: 11    Spells: 0 memorised, 5 levels left

rFire  . . .     SeeInvis +     q - -2 dagger (curse)
rCold  . . .     Gourm    .     c - +0 leather armour
rNeg   . . .     Faith    .     (no shield)
rPois  .         Spirit   +     (helmet unavailable)
rElec  .         Dismiss  .     g - +0 cloak (curse)
rCorr  +         Reflect  .     (no gloves)
SustAt .         Harm     .     (no boots)
MR     .....                    h - amulet of guardian spirit
Stlth  ++........               (no ring)
                                o - ring of resist corrosion

@: lethally poisoned (0 -> -6), not resistant to hostile enchantments,
unstealthy
A: permanent stasis, dig shafts and tunnels, four strong arms, antennae 3,
blurry vision 1, dopey 2, strong 1, MP-powered wands
a: Dig, Shaft Self


You were on level 3 of the Dungeon.
You were not hungry.

You visited 1 branch of the dungeon, and saw 3 of its levels.

You collected 146 gold pieces.

Inventory:

Hand Weapons
 a - a +1 hand crossbow
 b - a +0 short sword
 d - a +2 dagger of protection
 e - a +1 hand axe of electrocution
 q - a cursed -2 dagger (weapon)
Missiles
 l - 7 bolts
Armour
 c - a +0 leather armour (worn)
 g - a cursed +0 cloak (worn)
Jewellery
 h - an amulet of guardian spirit (around neck)
 o - a ring of resist corrosion (left hand)
Comestibles
 f - 3 bread rations


   Skills:
 * Level 3.0 Fighting
 * Level 6.3 Crossbows
 + Level 0.4 Throwing
 + Level 1.2 Armour
 + Level 1.9 Dodging
 * Level 2.7 Stealth


You had 5 spell levels left.
You didn't know any spells.

Dungeon Overview and Level Annotations

Branches:
Dungeon (3/15)

Altars:
Cheibriados


Innate Abilities, Weirdness & Mutations

You are under a permanent stasis effect.
You can dig through walls and to a lower floor.
Your four strong arms can wield two-handed weapons with a shield.
You have a pair of large antennae on your head (SInv).
Scrolls take you a little longer to read.
You are very dopey. (Int -4)
Your muscles are strong. (Str +2)
You expend magic power (3 MP) to strengthen your wands.


Message History

The adder is severely wounded.
* * * LOW HITPOINT WARNING * * *
You feel sick. The adder misses you. The adder barely misses you.
Unknown command.
You barely miss the adder.
The adder is severely wounded.
The adder bites you.
* * * LOW HITPOINT WARNING * * *
You barely miss the adder.
The adder is severely wounded.
* * * LOW HITPOINT WARNING * * *
You feel sick. The adder bites you.
* * * LOW HITPOINT WARNING * * *
You hit the adder but do no damage.
The adder is severely wounded.
* * * LOW HITPOINT WARNING * * *
You feel sick. The adder closely misses you. x2
You barely miss the adder.
The adder is severely wounded.
You die...

#.# #########
#.#
#####.......#
#.#
......#####.#
#.# #######
#.# #.# #รท#
#.# #.# #.#
#.# #.## #.#
#.@# #<# ##S#
#.....# #.#
#.##### #.#
#.# #.# #.#
#.#


You could see an adder.

Vanquished Creatures
  Sigmund (D:2)
  Jessica (D:2)
  Robin (D:2)
  2 adders
  An ooze (D:2)
  A worm (D:2)
  A dart slug (D:1)
  An orc (D:2)
  2 bats (D:2)
  13 goblins
  8 hobgoblins
  A quokka (D:2)
  A giant newt (D:1)
  3 kobolds
  A rat (D:2)
38 creatures vanquished.

Notes
Turn   | Place    | Note
--------------------------------------------------------------
     0 | D:1      | magog001 the Formicid Hunter began the quest for the Orb.
     0 | D:1      | Reached XP level 1. HP: 16/16 MP: 1/1
   149 | D:1      | Reached XP level 2. HP: 23/23 MP: 2/2
   778 | D:2      | Found a snail-covered altar of Cheibriados.
   872 | D:2      | Noticed Jessica
   873 | D:2      | Killed Jessica
   873 | D:2      | Reached XP level 3. HP: 28/28 MP: 3/3
   892 | D:2      | Noticed Sigmund
   913 | D:2      | Killed Sigmund
   913 | D:2      | Reached skill level 6 in Crossbows
   913 | D:2      | Reached skill level 1 in Armour
   913 | D:2      | Reached XP level 4. HP: 25/34 MP: 2/4
   913 | D:2      | Reached XP level 5. HP: 28/39 MP: 2/5
   913 | D:2      | Reached XP level 6. HP: 33/46 MP: 2/6
  1071 | D:2      | Noticed Robin
  1092 | D:2      | Killed Robin
  1549 | D:2      | Gained mutation: You are dopey. (Int -2) [potion of mutation]
  1549 | D:2      | Gained mutation: Your muscles are strong. (Str +2) [potion of mutation]
  1549 | D:2      | Gained mutation: Scrolls take you a little longer to read. [potion of mutation]
  1550 | D:2      | Gained mutation: You expend magic power (3 MP) to strengthen your wands. [potion of mutation]
  1550 | D:2      | Gained mutation: You are very dopey. (Int -4) [potion of mutation]
  2458 | D:3      | HP: 2/47 [adder (1)]
  2460 | D:3      | Succumbed to an adder's poison

Skill      XL: |  1  2  3  4  5  6 |
---------------+-------------------+-----
Crossbows      | 6 |  6.3
Armour         | 1 |  1.2
Stealth        | 2 |  2.7
Fighting       | 3 |  3.0
Throwing       | |  0.4
Dodging        | |  1.9

Action                   |  1- 3 |  4- 6 || total
-------------------------+-------+-------++-------
Melee: Short sword       |     5 |    17 ||    22
       Dagger            |       |    78 ||    78
 Fire: Hand crossbow     |    27 |    45 ||    72
Throw: Tomahawk          |     6 |     2 ||     8
  Use: Potion            |       |     5 ||     5
       Scroll            |       |     3 ||     3
 Stab: Sleeping          |     1 |       ||     1
  Eat: Bread ration      |       |     1 ||     1
       Chunk             |       |     1 ||     1
Armor: Leather armour    |     2 |    22 ||    24
       Skin              |       |     2 ||     2
Dodge: Dodged            |     9 |    85 ||    94
